 Dungeon Crawl Stone Soup version 0.21.1-1-g345015f (webtiles) character file.

29338 pk666 the Eclecticist (level 13, -20/63 HPs)
             Began as a Deep Elf Wizard on Feb 14, 2018.
             Was an Elder of Vehumet.
             Demolished by a spiny frog (49 damage)
             ... on level 6 of the Lair of Beasts.
             The game lasted 01:05:36 (14524 turns).

pk666 the Eclecticist (Deep Elf Wizard)            Turns: 14524, Time: 01:05:36

Health: -20/63     AC: 11    Str:  8    XL:     13   Next: 14%
Magic:  25/34      EV: 19    Int: 33    God:    Vehumet [****..]
Gold:   871        SH:  0    Dex: 17    Spells: 29/42 levels left

rFire    + . .     SeeInvis +   Q - staff of conjuration
rCold    . . .     Gourm    .   (no shield)
rNeg     . . .     Faith    .   N - +4 robe of Augmentation {Str+4 Int+4 Dex+4}
rPois    .         Spirit   .   b - +0 hat
rElec    +         Reflect  .   U - +0 cloak
rCorr    +         Harm     .   K - +2 pair of gloves
MR       +....                  A - +0 pair of boots of Amelioration {rElec rF+ SInv}
Stlth    ++........             J - amulet of magic regeneration
HPRegen  0.20/turn              m - ring of resist corrosion
MPRegen  0.49/turn              (no ring)

@: lethally poisoned (-20 -> -30), sleeping, hasted
A: no striking features
a: Renounce Religion


You were on level 6 of the Lair of Beasts.
You worshipped Vehumet.
Vehumet was greatly pleased with you.
You were not hungry.

You visited 3 branches of the dungeon, and saw 15 of its levels.

You collected 871 gold pieces.

Inventory:

Armour
 b - a +0 hat (worn)
 A - the +0 pair of boots of Amelioration (worn) {rElec rF+ SInv}
   (You found it on level 4 of the Dungeon)

   It protects you from fire.
   It insulates you from electricity.
   It lets you see invisible.
 K - a +2 pair of gloves (worn)
 N - the +4 robe of Augmentation (worn) {Str+4 Int+4 Dex+4}
   (You found it on level 8 of the Dungeon)

   It affects your strength (+4).
   It affects your intelligence (+4).
   It affects your dexterity (+4).
 U - a +0 cloak (worn)
Magical Staves
 Q - an uncursed staff of conjuration (weapon)
Jewellery
 m - a ring of resist corrosion (left hand)
 J - an amulet of magic regeneration (around neck)
Wands
 x - a wand of iceblast (7)
 B - a wand of digging (6)
 H - a wand of paralysis (26)
Scrolls
 j - 2 scrolls of teleportation
 o - 5 scrolls of remove curse
 q - a scroll of identify
 Z - a scroll of magic mapping
Potions
 a - a potion of mutation {unknown}
 e - 7 potions of haste
 g - a potion of flight {unknown}
 i - 4 potions of curing
 n - 3 potions of agility {unknown}
 t - 2 potions of lignification {unknown}
 v - 2 potions of magic
 w - a potion of resistance {unknown}
 z - a potion of degeneration {unknown}
 G - 3 potions of ambrosia
 I - 2 potions of heal wounds
 L - 3 potions of might {unknown}
 W - a potion of brilliance {unknown}
Books
 c - a book of Minor Magic

   Spells                             Type                      Level
   a - Magic Dart                     Conjuration                  1
   b - Blink                          Translocation                2
   c - Call Imp                       Summoning                    2
   d - Slow                           Hexes                        2
   e - Conjure Flame                  Conjuration/Fire             3
   f - Mephitic Cloud                 Conjuration/Poison/Air       3
 k - a book of Misfortune

   Spells                             Type                      Level
   a - Confusing Touch                Hexes                        1
   b - Confuse                        Hexes                        3
   c - Gell's Gravitas                Translocation                3
   d - Petrify                        Transmutation/Earth          4
   e - Metabolic Englaciation         Hexes/Ice                    5
   f - Yara's Violent Unravelling     Hexes/Transmutation          5
 s - a book of the Tempests

   Spells                             Type                      Level
   a - Static Discharge               Conjuration/Air              3
   b - Lightning Bolt                 Conjuration/Air              5
   c - Ignition                       Fire                         8
   d - Tornado                        Air                          9
   e - Shatter                        Earth                        9
 u - a book of Maledictions

   Spells                             Type                      Level
   a - Corona                         Hexes                        1
   b - Ensorcelled Hibernation        Hexes/Ice                    2
   c - Confuse                        Hexes                        3
   d - Tukima's Dance                 Hexes                        3
   e - Dazzling Spray                 Conjuration/Hexes            3
 C - a book of Transfigurations

   Spells                             Type                      Level
   a - Irradiate                      Conjuration/Transmutation    5
   b - Statue Form                    Transmutation/Earth          6
   c - Hydra Form                     Transmutation                6
   d - Dragon Form                    Transmutation                7
 O - a book of Flames

   Spells                             Type                      Level
   a - Flame Tongue                   Conjuration/Fire             1
   b - Throw Flame                    Conjuration/Fire             2
   c - Conjure Flame                  Conjuration/Fire             3
   d - Inner Flame                    Hexes/Fire                   3
   e - Sticky Flame                   Conjuration/Fire             4
   f - Fireball                       Conjuration/Fire             5
 S - a book of Battle

   Spells                             Type                      Level
   a - Infusion                       Charms                       1
   b - Shroud of Golubria             Charms/Translocation         2
   c - Song of Slaying                Charms                       2
   d - Spectral Weapon                Hexes/Charms                 3
   e - Regeneration                   Charms/Necromancy            3
Comestibles
 d - 28 rations


   Skills:
 + Level 9.8 Dodging
 - Level 2.4 Stealth
 * Level 15.1 Spellcasting
 * Level 12.7 Conjurations
   Level 1.1 Summonings
 - Level 4.3 Translocations
 * Level 12.6 Fire Magic
 - Level 2.0 Air Magic
 - Level 3.1 Poison Magic


You had 29 spell levels left.
You knew the following spells:

 Your Spells              Type           Power        Failure   Level  Hunger
b - Blink                 Tloc           N/A          1%          2    None
c - Fireball              Conj/Fire      ########..   1%          5    None
d - Conjure Flame         Conj/Fire      ########     1%          3    None
z - Mephitic Cloud        Conj/Pois/Air  #######.     1%          3    None


Dungeon Overview and Level Annotations

Branches:
Dungeon (8/15)             Temple (1/1) D:4            Lair (6/6) D:8
  Swamp (0/4) Lair:3       Spider (0/4) Lair:2
  Slime: Lair:5-6

Altars:
Ashenzari
Cheibriados
Dithmenos
Elyvilon
Fedhas
Gozag
Hepliaklqana
Kikubaaqudgha
Makhleb
Nemelex Xobeh
Okawaru
Qazlal
Ru
Sif Muna
Trog
Uskayaw
Vehumet
Wu Jian
Xom
Yredelemnul
Zin
The Shining One

Annotations:
D:4 Grinder
D:7 2 transporters
D:8 EvilAshe's ghost, novice DEVM


Message History

Casting: Blink
Confirm with . or Enter, or press ? or * to list all spells.
Aiming: Fireball
Press: ? - help, Shift-Dir - straight line You feel a surge of power!
The fireball explodes!
The fireball engulfs the plant.
The plant is moderately damaged.
The fireball engulfs the bullfrog.
You kill the bullfrog!
Vehumet accepts your kill.
You hear a loud, deep croak!
You hear a croak.
The spiny frog stings you.
You are poisoned.
The spiny frog poisons you!
The blink frog blinks!
You feel sick.
You are overwhelmed by glittering dream dust!
You feel drowsy...
You fall asleep.
You feel sick. The spiny frog stings you!!!
Ouch! That really hurt!
You die...

.≈.≈..###...........P #
....F.......P.#.....PP#
...H..Y.F.#.. #...PP.##
......#YY..# #..P..).#
...#..Y.FF.# .....#..#
. ##HFYFY#### #.......#
##§YFF##.###.......#
#.#YYY..#.......#
#F###P.@F......### ...
.##......†..## ...
........†÷....## .....
#..P.....P.....# .###
#.......†.†..###
#..#........##
#####P##..†..#
######....# .#...#


You could see a hippogriff, 2 yaks, a spiny frog, 3 blink frogs, 2 bullfrogs and
8 dream sheep.

Vanquished Creatures
  6 hydras
  2 catoblepae
  A two-headed ogre (D:8)
  An orb spider (Lair:2)
  2 oklob plants (Lair:1)
  9 elephants
  A black mamba (Lair:3)
  A torpor snail (Lair:5)
  11 spiny frogs
  2 komodo dragons
  2 rime drakes
  A polar bear (Lair:3)
  4 hippogriffs
  6 dream sheep
  8 blink frogs
  A spriggan (Lair:3)
  39 yaks
  A wyvern (Lair:2)
  2 vampire mosquitoes (Lair:6)
  Edmund (D:5)
  9 water moccasins
  6 porcupines
  A black bear (Lair:3)
  A necrophage (D:6)
  A sky beast (D:5)
  A phantom (D:6)
  14 wolves
  3 centaurs
  5 crocodiles
  13 bullfrogs
  An electric eel (D:6)
  5 howler monkeys
  2 crimson imps
  3 hounds
  A jelly (D:5)
  A centaur skeleton (D:8)
  Ijyb (D:5)
  2 worker ants (D:8)
  2 hound skeletons
  5 adders
  An ooze (D:3)
  An adder skeleton (D:7)
  2 worms
  A dart slug (D:3)
  7 leopard geckos
  3 orcs
  2 giant cockroaches
  3 goblins (D:2)
  7 hobgoblins
  5 jackals
  5 quokkas
  11 bats
  6 frilled lizards
  10 kobolds
  A rat (D:1)
  2 fungi (Lair:6)
  5 plants
250 creatures vanquished.

Vanquished Creatures (others)
  A quokka (D:8)
  13 fungi
  16 plants
30 creatures vanquished.

Grand Total: 280 creatures vanquished

Notes
Turn   | Place    | Note
-------+----------+-------------------------------------------
     0 | D:1      | pk666 the Deep Elf Wizard began the quest for the Orb.
     0 | D:1      | Reached XP level 1. HP: 10/10 MP: 7/7
   446 | D:1      | Reached XP level 2. HP: 15/15 MP: 5/9
  1032 | D:1      | Reached skill level 5 in Spellcasting
  1189 | D:2      | Found a faded altar of an unknown god.
  1271 | D:2      | Reached XP level 3. HP: 19/19 MP: 8/11
  2383 | D:3      | Reached XP level 4. HP: 24/24 MP: 5/13
  2387 | D:3      | Learned a level 2 spell: Blink
  2391 | D:3      | Learned a level 3 spell: Mephitic Cloud
  2395 | D:3      | Learned a level 3 spell: Conjure Flame
  2444 | D:3      | Found an opulent altar of Gozag.
  2898 | D:4      | Reached skill level 6 in Spellcasting
  2898 | D:4      | Reached XP level 5. HP: 22/28 MP: 8/15
  2973 | D:4      | Found a basalt altar of Yredelemnul.
  3052 | D:4      | Found a staircase to the Ecumenical Temple.
  3062 | Temple   | Entered the Ecumenical Temple
  3067 | Temple   | Became a worshipper of Vehumet
  3172 | D:4      | Got a pair of transparent boots
  3178 | D:4      | Identified the cursed +0 pair of boots of Amelioration {rElec rF+ SInv} (You found it on level 4 of the Dungeon)
  3186 | D:4      | Found a glowing silver altar of Zin.
  3249 | D:4      | Noticed Grinder
  3425 | D:5      | Entered Level 5 of the Dungeon
  3437 | D:5      | Noticed Ijyb
  3450 | D:5      | Killed Ijyb
  3611 | D:5      | Noticed Edmund
  3908 | D:5      | Reached skill level 1 in Fire Magic
  3908 | D:5      | Reached skill level 1 in Air Magic
  3908 | D:5      | Reached skill level 1 in Poison Magic
  4273 | D:5      | Got a dull robe
  4284 | D:5      | Identified the +2 robe "Talaycur" {rPois Stlth+} (You found it on level 5 of the Dungeon)
  4334 | D:5      | Noticed a sky beast
  4343 | D:5      | Killed a sky beast
  4343 | D:5      | Reached XP level 6. HP: 32/32 MP: 9/17
  4398 | D:5      | Found a blossoming altar of Fedhas.
  4600 | D:5      | Killed Edmund
  4805 | D:6      | Reached XP level 7. HP: 36/36 MP: 12/18
  5007 | D:6      | Found a shimmering altar of Xom.
  5306 | D:6      | Reached skill level 7 in Spellcasting
  5311 | D:6      | Found a shadowy altar of Dithmenos.
  5556 | D:6      | Reached skill level 5 in Dodging
  5556 | D:6      | Reached XP level 8. HP: 41/41 MP: 11/20
  5846 | D:7      | Found a transporter.
  5851 | D:7      | Found a transporter.
  5855 | D:7      | Noticed a kobold demonologist
  5866 | D:7      | Noticed a hornet
  5867 | D:7      | Noticed a spiny frog
  5887 | D:7      | Found a shadowy altar of Dithmenos.
  5937 | D:7      | Found a shattered altar of Ashenzari.
  6256 | D:7      | Noticed a hornet
  6256 | D:7      | a tengu changed into a hornet
  6458 | D:8      | Reached skill level 5 in Conjurations
  6595 | D:8      | Reached * piety under Vehumet
  6595 | D:8      | Offered knowledge of Flame Tongue by Vehumet.
  6695 | D:8      | Noticed a two-headed ogre
  6732 | D:8      | Paralysed by a centaur for 7 turns
  6738 | D:8      | HP: 1/41 [two-headed ogre/giant club (20)]
  6807 | D:8      | Killed a two-headed ogre
  6807 | D:8      | Reached skill level 8 in Spellcasting
  6807 | D:8      | Reached skill level 5 in Fire Magic
  7269 | D:8      | Reached XP level 9. HP: 45/45 MP: 8/23
  7309 | D:8      | Noticed EvilAshe's ghost (novice DEVM)
  7342 | D:8      | Found a white marble altar of Elyvilon.
  7416 | D:8      | Found the +4 robe of Augmentation {Str+4 Int+4 Dex+4}
  7469 | D:8      | Found a staircase to the Lair.
  7524 | D:8      | Found a burning altar of Makhleb.
  7815 | Lair:1   | Entered Level 1 of the Lair of Beasts
  7827 | Lair:1   | Noticed a spiny frog
  7838 | D:8      | Killed a spiny frog
  7838 | D:8      | Reached skill level 9 in Spellcasting
  8361 | Lair:1   | Learned a level 5 spell: Fireball
  8430 | Lair:1   | Reached skill level 10 in Spellcasting
  8666 | Lair:1   | Noticed a spiny frog
  8668 | Lair:1   | Killed a spiny frog
  8822 | Lair:1   | Noticed a spiny frog
  8825 | Lair:1   | Noticed an oklob plant
  8827 | Lair:1   | Killed a spiny frog
  8827 | Lair:1   | Reached XP level 10. HP: 50/50 MP: 15/26
  8876 | Lair:1   | Noticed an oklob plant
  8879 | Lair:1   | Killed an oklob plant
  8883 | Lair:1   | Killed an oklob plant
  9000 | Lair:1   | Identified a scroll of acquirement
  9287 | Lair:2   | Reached skill level 11 in Spellcasting
  9554 | Lair:2   | Offered knowledge of Shock by Vehumet.
  9614 | Lair:2   | Reached ** piety under Vehumet
  9671 | Lair:2   | Noticed an elephant
  9685 | Lair:2   | Noticed an elephant
  9685 | Lair:2   | Noticed an elephant
  9685 | Lair:2   | Killed an elephant
  9771 | Lair:2   | Killed an elephant
  9793 | Lair:2   | Killed an elephant
  9793 | Lair:2   | Reached XP level 11. HP: 54/54 MP: 18/28
 10077 | Lair:2   | Found a hole to the Spider Nest.
 10077 | Lair:2   | Noticed an orb spider
 10084 | Lair:2   | Killed an orb spider
 10084 | Lair:2   | Reached skill level 12 in Spellcasting
 10561 | Lair:3   | Noticed a catoblepas
 10626 | Lair:3   | Reached skill level 10 in Conjurations
 10741 | Lair:3   | Reached skill level 10 in Fire Magic
 10941 | Lair:3   | Found a staircase to the Swamp.
 11120 | Lair:3   | Noticed a six-headed hydra
 11124 | Lair:3   | Killed a six-headed hydra
 11240 | Lair:3   | Noticed a five-headed hydra
 11242 | Lair:3   | Killed a five-headed hydra
 11242 | Lair:3   | Reached skill level 13 in Spellcasting
 11823 | Lair:3   | Killed a catoblepas
 11969 | Lair:4   | Noticed a six-headed hydra
 11972 | Lair:4   | Killed a six-headed hydra
 11972 | Lair:4   | Offered knowledge of Stone Arrow by Vehumet.
 12197 | Lair:4   | Reached XP level 12. HP: 59/59 MP: 25/31
 13000 | Lair:5   | Noticed a catoblepas
 13006 | Lair:5   | Killed a catoblepas
 13006 | Lair:5   | Reached *** piety under Vehumet
 13082 | Lair:5   | Reached skill level 14 in Spellcasting
 13104 | Lair:5   | Noticed a five-headed hydra
 13109 | Lair:5   | Killed a five-headed hydra
 13256 | Lair:5   | Noticed a four-headed hydra
 13261 | Lair:5   | Killed a four-headed hydra
 13288 | Lair:5   | Found a radiant altar of Vehumet.
 13401 | Lair:5   | Offered knowledge of Olgreb's Toxic Radiance by Vehumet.
 14066 | Lair:6   | Entered Level 6 of the Lair of Beasts
 14077 | Lair:6   | Noticed a seven-headed hydra
 14150 | Lair:6   | Noticed a five-headed hydra
 14259 | Lair:6   | Reached **** piety under Vehumet
 14412 | Lair:6   | Killed a seven-headed hydra
 14412 | Lair:6   | Reached skill level 15 in Spellcasting
 14412 | Lair:6   | Reached XP level 13. HP: 62/63 MP: 10/34
 14416 | Lair:6   | Offered knowledge of Ignite Poison by Vehumet.
 14524 | Lair:6   | Demolished by a spiny frog

Skill      XL: |  1  2  3  4  5  6  7  8  9 10 11 12 |
---------------+-------------------------------------+-----
Conjurations   | 2 3 4 6 8 9 11 12 | 12.7
Spellcasting   | 5 6 7 8 10 11 13 15 | 15.1
Dodging        | 3 4 5 7 8 9 |  9.8
Fire Magic     | 1 2 4 5 8 9 11 12 | 12.6
Air Magic      | 1 2 |  2.0
Poison Magic   | 1 2 3 |  3.1
Translocations | 4 |  4.3
Stealth        | |  2.4
Summonings     | |  1.1

Action                   |  1- 3 |  4- 6 |  7- 9 | 10-12 | 13-15 || total
-------------------------+-------+-------+-------+-------+-------++-------
Melee: Staff             |       |     2 |     6 |       |       ||     8
 Cast: Magic Dart        |   109 |    90 |   230 |       |       ||   429
       Conjure Flame     |       |     6 |    18 |     1 |       ||    25
       Mephitic Cloud    |       |     5 |    36 |    12 |     1 ||    54
       Blink             |       |       |    18 |    15 |     5 ||    38
       Fireball          |       |       |     7 |   175 |    11 ||   193
  Use: Scroll            |       |       |       |    22 |     1 ||    23
       Potion            |       |       |       |     2 |     2 ||     4
  Eat: Chunk             |     4 |     5 |     7 |    14 |       ||    30
       Ration            |       |     1 |     1 |     2 |       ||     4
Armor: Robe              |     4 |     2 |    10 |     8 |     7 ||    31
Dodge: Dodged            |    10 |    12 |    28 |    31 |    28 ||   109
